 Dungeon Crawl Stone Soup version 0.19.4-9-g45fd643 (webtiles) character file.

9268 Gargoyl the Protected (level 11, -5/91 HPs)
             Began as a Ghoul Abyssal Knight on Feb 22, 2017.
             Was an Elder of Lugonu.
             Slain by a hill giant
             ... wielding a +0 giant club
              (35 damage)
             ... on level 11 of the Dungeon.
             The game lasted 00:26:16 (12051 turns).

Gargoyl the Protected (Ghoul Abyssal Knight)       Turns: 12051, Time: 00:26:16

Health: -5/91      AC: 22    Str: 17    XL:     11   Next: 43%
Magic:  25/25      EV:  7    Int:  7    God:    Lugonu [****..]
Gold:   387        SH:  0    Dex: 11    Spells: 0 memorised, 10 levels left

rFire  . . .     SeeInvis .     n - +1 executioner's axe (elec)
rCold  + . .     Gourm    .     y - +0 plate armour
rNeg   + + +     Faith    .     (shield currently unavailable)
rPois  ∞         Spirit   .     (no helmet)
rElec  .         Reflect  .     m - +0 cloak
rCorr  +         Harm     .     p - +2 pair of gloves
MR     .....                    q - +2 pair of boots
Stlth  ..........               (no amulet)
                                r - ring of magical power
                                f - ring of resist corrosion

@: rotting
A: rotting body, claws 1, carnivore 3, cold resistance 1, negative energy
resistance 3, slow regeneration 1, torment resistance, unbreathing
a: Depart the Abyss, Bend Space, Banish, Corrupt, Renounce Religion


You were on level 11 of the Dungeon.
You worshipped Lugonu.
Lugonu was greatly pleased with you.
You were not hungry.

You visited 1 branch of the dungeon, and saw 11 of its levels.
You visited the Abyss 1 time.

You collected 569 gold pieces.
You spent 182 gold pieces at shops.

Inventory:

Hand Weapons
 a - a +1 hand axe
 d - a +0 war axe
 i - a +4 trident
 k - a +2 hand axe of freezing
 n - a +1 executioner's axe of electrocution (weapon)
 u - a +4 battleaxe
Missiles
 G - 3 tomahawks (quivered)
Armour
 m - a +0 cloak (worn)
 p - a +2 pair of gloves (worn)
 q - a +2 pair of boots (worn)
 y - a +0 plate armour (worn)
Jewellery
 f - a ring of resist corrosion (left hand)
 r - a ring of magical power (right hand)
 s - an uncursed ring of protection from cold
 A - an uncursed ring of flight
Wands
 w - a wand of lightning (9/15)
 E - a wand of paralysis (12/24)
 F - a wand of digging (9/24)
Scrolls
 b - 5 scrolls of remove curse
 e - 8 scrolls of fear
 o - 5 scrolls of identify
 t - 2 scrolls of magic mapping
 x - 2 scrolls of recharging
 H - a scroll of blinking
Potions
 h - 4 potions of brilliance
 j - 2 potions of curing
 l - 2 potions of haste
 v - a potion of might
 B - 2 potions of invisibility
 D - a potion of agility
Comestibles
 c - 4 meat rations
 g - 3 beef jerkies
 z - 8 slices of pizza
 C - a royal jelly


   Skills:
 + Level 6.9 Fighting
 + Level 9.3 Axes
 + Level 0.1 Throwing
 * Level 10.1 Armour
 + Level 2.8 Dodging
 * Level 8.3 Invocations
 + Level 0.3 Evocations


You had 10 spell levels left.
You didn't know any spells.

Dungeon Overview and Level Annotations

Branches:
Dungeon (11/15)            Temple (0/1) D:5            Lair (0/6) D:11
    Orc (0/2) D:9

Altars:
Dithmenos
Makhleb
Sif Muna
Uskayaw
Xom
Zin
The Shining One

Shops:
D:8 !

Annotations:
Abyss:1 Fannar


Innate Abilities, Weirdness & Mutations

Your body is rotting away.
You thrive on raw meat.
You are immune to poison.
You have sharp fingernails.
You are carnivorous and can eat meat at any time.
Your flesh is cold resistant. (rC+)
You are immune to negative energy. (rN+++)
You regenerate slowly when monsters are visible.
You are immune to unholy pain and torment.
You can survive without breathing.


Message History

Aim: a hill giant, wielding a giant club You throw a tomahawk.
The tomahawk hits the hill giant but does no damage.
You slice the hill giant!!
The hill giant is moderately wounded.
The hill giant hits you but does no damage.
You hit the hill giant.
The hill giant is moderately wounded.
The hill giant hits you with a giant club!!
The warg howls!
You hit the hill giant but do no damage.
The hill giant is moderately wounded.
You hear an angry hiss.
The hill giant hits you with a giant club!!
The hill giant hits you with a giant club.
You slash the hill giant!
There is a sudden explosion of sparks!
The hill giant is severely wounded.
You slash the warg! The warg barely misses you.
The hill giant hits you with a giant club!!
You die...

#........#...#..#
#...##...#...#..#
#...##...#......#
#........#......#
#........#.####.#
#........#.# #.#
.l######...##...#.# #.#
#.....#...##...#.# #.#
#....h@........'.# #.#
+....C#........#.####.#
#.###(#........#......#
(.#...##...#......#
...#...##...#.###..#
....#........#.# #..#
>.#..#........#.# #..#
......#........+.. ...#
#.. ...#


You could see a hill giant, a warg and a leopard gecko.

Vanquished Creatures
  A hill giant (D:11)
  Pikel (D:7)
  A two-headed ogre (D:9)
  4 hippogriffs
  3 yaks (D:11)
  A human (D:9)
  A hungry ghost (D:7)
  4 hogs (D:9)
  2 wargs
  5 sky beasts
  5 phantoms
  2 orc warriors (D:8)
  2 slaves (D:7)
  A black bear (D:7)
  5 ogres
  2 centaurs
  6 bullfrogs
  A big kobold (D:8)
  3 scorpions
  3 wights (D:10)
  6 killer bees (D:9)
  8 crimson imps
  2 howler monkeys
  2 bullfrog zombies
  A centaur zombie (D:5)
  A jelly (D:6)
  A quasit (D:10)
  A hound (D:9)
  4 orc priests
  10 orc wizards
  A bullfrog skeleton (D:4)
  A centaur skeleton (D:7)
  A gnoll shaman (D:4)
  Jessica (D:3)
  7 iguanas
  11 worker ants
  14 adders
  10 gnolls
  A howler monkey skeleton (D:6)
  6 shadow imps
  An adder zombie (D:6)
  6 worms
  6 leopard geckos
  33 orcs
  4 bats
  3 giant cockroaches (D:2)
  7 goblins
  11 hobgoblins
  11 jackals
  2 quokkas
  A ball python (D:2)
  3 frilled lizards
  A jackal zombie (D:5)
  14 kobolds
  A leopard gecko skeleton (D:4)
  A leopard gecko zombie (D:7)
  10 rats
257 creatures vanquished.

Vanquished Creatures (collateral kills)
  2 wights (D:10)
2 creatures vanquished.

Vanquished Creatures (others)
  A hydra (D:11)
  An unseen horror (D:11)
  A gargoyle (D:10)
  A slave (D:6)
  An orc warrior (D:5)
  2 electric eels (D:8)
  A giant cockroach (D:5)
8 creatures vanquished.

Grand Total: 267 creatures vanquished

Notes
Turn   | Place    | Note
-------+----------+-------------------------------------------
     0 | Abyss:1  | Gargoyl the Ghoul Abyssal Knight began the quest for the Orb.
     0 | Abyss:1  | Reached XP level 1. HP: 19/19 MP: 1/1
   116 | Abyss:1  | Noticed a chaos spawn
   128 | Abyss:1  | Noticed an eidolon
   239 | Abyss:2  | Noticed a raiju
   265 | Abyss:2  | Noticed a quasit
   271 | D:1      | Escaped the Abyss
   538 | D:1      | Reached * piety under Lugonu
   538 | D:1      | Reached skill level 1 in Dodging
   627 | D:1      | Reached skill level 2 in Armour
   658 | D:1      | Reached XP level 2. HP: 26/26 MP: 2/2
  1219 | D:2      | Reached XP level 3. HP: 33/33 MP: 3/3
  1727 | D:2      | Reached XP level 4. HP: 33/40 MP: 5/5
  1952 | D:2      | Reached ** piety under Lugonu
  2024 | D:2      | Found a burning altar of Makhleb.
  2029 | D:2      | Found a glowing silver altar of Zin.
  2029 | D:2      | Noticed an Executioner
  2029 | D:2      | Noticed an angel
  2464 | D:3      | Reached XP level 5. HP: 45/46 MP: 6/6
  2512 | D:3      | Noticed Jessica
  2528 | D:3      | Killed Jessica
  2679 | D:3      | Reached skill level 3 in Armour
  2920 | D:3      | Reached XP level 6. HP: 52/52 MP: 7/7
  3434 | D:4      | Reached skill level 4 in Armour
  3434 | D:4      | Reached XP level 7. HP: 41/59 MP: 8/8
  3625 | D:4      | Reached *** piety under Lugonu
  3929 | D:4      | Found a hide-covered altar of Uskayaw.
  4139 | D:5      | Entered Level 5 of the Dungeon
  4154 | D:5      | Reached skill level 5 in Armour
  4174 | D:5      | Reached XP level 8. HP: 56/67 MP: 10/10
  4413 | D:5      | Reached skill level 5 in Axes
  4502 | D:5      | Found a staircase to the Ecumenical Temple.
  5184 | D:5      | Reached skill level 5 in Fighting
  5227 | D:5      | Reached skill level 5 in Invocations
  5468 | D:6      | Identified the Grimoire of Ashen Shape Shifting
  5612 | D:6      | Reached skill level 6 in Armour
  5728 | D:6      | Noticed Pikel
  5802 | D:7      | Killed Pikel
  5802 | D:7      | Reached XP level 9. HP: 45/74 MP: 12/12
  6239 | D:7      | Reached skill level 7 in Armour
  6640 | D:7      | Identified a scroll of acquirement
  7176 | D:8      | Reached **** piety under Lugonu
  7414 | D:8      | Reached XP level 10. HP: 61/83 MP: 13/13
  7844 | D:8      | Found Foset's Distillery.
  7860 | D:8      | Bought a potion of curing for 42 gold pieces
  7860 | D:8      | Bought a potion of haste for 140 gold pieces
  7938 | D:8      | Reached skill level 8 in Armour
  8387 | D:9      | Found a shimmering altar of Xom.
  8387 | D:9      | Found a faded altar of an unknown god.
  8392 | D:9      | Found a deep blue altar of Sif Muna.
  8396 | D:9      | Found a shadowy altar of Dithmenos.
  8398 | D:9      | Found a faded altar of an unknown god.
  9020 | D:9      | Found a glowing golden altar of the Shining One.
  9408 | D:9      | Found a staircase to the Orcish Mines.
  9794 | D:9      | Reached skill level 9 in Armour
 10047 | D:10     | Entered Level 10 of the Dungeon
 10160 | D:10     | Noticed Fannar
 10504 | D:10     | Noticed a gargoyle
 10521 | D:10     | HP: 3/84 [gargoyle/flail (14)]
 10526 | D:10     | Banished a gargoyle
 10610 | D:10     | Reached XP level 11. HP: 66/91 MP: 15/15
 10898 | D:10     | Reached ***** piety under Lugonu
 11034 | D:10     | Banished Fannar
 11329 | D:11     | Noticed a hill giant
 11344 | D:11     | Killed a hill giant
 11510 | D:11     | Noticed a four-headed hydra
 11515 | D:11     | Banished a four-headed hydra
 11530 | D:11     | Banished an unseen horror
 11849 | D:11     | Found a staircase to the Lair.
 11877 | D:11     | Reached skill level 10 in Armour
 12044 | D:11     | Noticed a hill giant
 12051 | D:11     | Slain by a hill giant

Skill      XL: |  1  2  3  4  5  6  7  8  9 10 11 |
---------------+----------------------------------+-----
Dodging        | 1 2 |  2.8
Armour         | 2 3 4 5 6 7 9 10 | 10.1
Axes           | 2 3 4 6 7 8 9 |  9.3
Invocations    | 3 4 5 6 7 8 |  8.3
Fighting       | 4 5 6 |  6.9
Throwing       | |  0.1
Evocations     | |  0.3

Action                   |  1- 3 |  4- 6 |  7- 9 | 10-12 || total
-------------------------+-------+-------+-------+-------++-------
Melee: Hand axe          |   113 |   254 |   486 |       ||   853
       Executioner's axe |       |       |    47 |   548 ||   595
Throw: Tomahawk          |       |       |       |    14 ||    14
Invok: Depart the Abyss  |     1 |       |       |       ||     1
       Banish            |       |       |     2 |    10 ||    12
       Bend Space        |       |       |     1 |       ||     1
Evoke: Wand              |       |       |     4 |     2 ||     6
  Use: Scroll            |     9 |     4 |     7 |    11 ||    31
       Potion            |       |       |     8 |     5 ||    13
  Eat: Chunk             |    21 |    36 |    40 |    77 ||   174
Armor: Leather armour    |    39 |     7 |       |       ||    46
       Chain mail        |       |   156 |   450 |       ||   606
       Ring mail         |       |     6 |       |       ||     6
       Plate armour      |       |       |       |   770 ||   770
Dodge: Dodged            |    80 |    85 |   211 |   290 ||   666
